 Dungeon Crawl Stone Soup version 0.26-a0-50-gc4d14cd842 (webtiles) character file.

Game seed: 7361133820870803818

3021 vurker the Destroyer (level 9, -1/77 HPs)
             Began as a Black Draconian Wizard on June 4, 2020.
             Was a Believer of Vehumet.
             Slain by a white very ugly thing (29 damage)
             ... on level 8 of the Dungeon.
             The game lasted 00:16:14 (11598 turns).

vurker the Destroyer (Black Draconian Wizard)      Turns: 11598, Time: 00:16:15

Health: -1/77      AC: 15    Str:  9    XL:     9   Next: 55%
Magic:  20/21      EV: 12    Int: 22    God:    Vehumet [**....]
Gold:   328        SH:  0    Dex: 10    Spells: 19/24 levels left

rFire    . . .     SeeInvis .   g - +1 dagger (drain)
rCold    . . .     Gourm    .   (no shield)
rNeg     . . .     Faith    .   (armour unavailable)
rPois    .         Spirit   .   a - +0 hat
rElec    +         Reflect  .   w - +0 cloak
rCorr    .         Harm     .   q - +0 pair of gloves
MR       +....                  t - +1 pair of boots {Stlth+}
Stlth    +++.......             o - amulet of magic regeneration
HPRegen  0.22/turn              p - +4 ring of protection
MPRegen  0.42/turn              v - ring of protection from magic

@: slowed, very slow
A: breathe lightning, unfitting armour, electricity resistance, cold-blooded, AC
+7
a: Breathe Lightning, Renounce Religion


You were on level 8 of the Dungeon.
You worshipped Vehumet.
Vehumet was pleased with you.
You were not hungry.

You visited 2 branches of the dungeon, and saw 9 of its levels.

You collected 328 gold pieces.

Inventory:

Hand Weapons
 g - a +1 dagger of draining (weapon)
   (You took it off a kobold on level 3 of the Dungeon)
Armour
 a - a +0 hat (worn)
 q - a +0 pair of gloves (worn)
   (You found it on level 5 of the Dungeon)
 t - a +1 pair of boots of stealth (worn)
   (You found it on level 6 of the Dungeon)
 w - a +0 cloak (worn)
   (You took it off Crazy Yiuf on level 6 of the Dungeon)
Jewellery
 o - an amulet of magic regeneration (around neck)
   (You found it on level 6 of the Dungeon)
 p - a +4 ring of protection (left hand)
   (You found it on level 5 of the Dungeon)
 v - a ring of protection from magic (right hand)
   (You found it on level 6 of the Dungeon)
Wands
 c - a wand of disintegration (7)
   (You found it on level 7 of the Dungeon)
 x - a wand of enslavement (10)
   (You found it on level 7 of the Dungeon)
Scrolls
 b - 2 scrolls of enchant weapon {unknown}
 f - 3 scrolls of teleportation
 m - 2 scrolls of immolation
 n - 4 scrolls of remove curse
 r - 2 scrolls of magic mapping {unknown}
 s - a scroll of acquirement {unknown}
 u - a scroll of identify
 y - a scroll of summoning {unknown}
Potions
 d - 6 potions of curing
 h - a potion of mutation {unknown}
 i - 3 potions of stabbing {unknown}
 j - 4 potions of lignification
 k - a potion of magic {unknown}
 l - a potion of invisibility {unknown}
 z - a potion of berserk rage {unknown}
 A - 2 potions of brilliance {unknown}
 B - a potion of degeneration {unknown}
 C - 4 potions of heal wounds
 D - a potion of haste {unknown}
Comestibles
 e - 13 rations
 E - 3 chunks of flesh


   Skills:
 + Level 6.3 Fighting
 - Level 1.7 Dodging
 - Level 1.7 Stealth
 * Level 8.3 Spellcasting
 * Level 8.5 Conjurations
 - Level 1.0 Summonings
 - Level 1.0 Translocations


You had 19 spell levels left.
You knew the following spells:

 Your Spells              Type           Power        Failure   Level  Hunger
a - Magic Dart            Conj           ####         1%          1    None
b - Call Imp              Summ           ##......     7%          2    None
w - Blink                 Tloc           N/A          7%          2    None

Your spell library contained the following spells:

 Spells                   Type           Power        Failure   Level  Hunger
 Foxfire                  Conj/Fire      ####         1%          1    None
 Conjure Flame            Conj/Fire      ####....     3%          3    None
 Mephitic Cloud           Conj/Pois/Air  ###.....     7%          3    None
 Slow                     Hex            #.......     11%         2    None


Dungeon Overview and Level Annotations

Branches:
Dungeon (8/15)             Temple (1/1) D:4
   Lair: D:8-11

Altars:
Ashenzari
Cheibriados
Dithmenos
Elyvilon
Fedhas
Gozag
Hepliaklqana
Kikubaaqudgha
Makhleb
Nemelex Xobeh
Okawaru
Qazlal
Ru
Sif Muna
Trog
Uskayaw
Vehumet
Wu Jian
Xom
Yredelemnul
Zin
The Shining One

Shops:
D:5 =   D:7 (

Annotations:
D:5 1 runed translucent door, vurker's ghost, amateur TeAE
D:7 2 transporters, Qupu's ghost, novice SpEn


Innate Abilities, Weirdness & Mutations

You can breathe wild blasts of lightning.
Your glossy black scales are hard. (AC +7)
You cannot fit into any form of body armour.
You are resistant to electric shocks. (rElec)
You are cold-blooded and may be slowed by cold attacks.


Message History

You open the door.
Found 31 stones.
A bullfrog comes into view.
Found a granite statue.
There is an open door here.
A bullfrog is nearby!
A bullfrog is nearby!
Aim: a bullfrog (asleep)
The magic dart hits the bullfrog.
The bullfrog croaks.
Aim: a bullfrog (lightly wounded)
The magic dart hits the bullfrog!
Aim: a bullfrog (heavily wounded)
The magic dart hits the bullfrog.
Aim: a bullfrog (heavily wounded)
The magic dart hits the bullfrog!
The bullfrog hits you but does no damage.
Aim: a bullfrog (almost dead)
The magic dart hits the bullfrog.
You kill the bullfrog!
Vehumet accepts your kill.
You can't see any susceptible monsters within range! (Use Z to cast anyway.)
You butcher the bullfrog corpse.
E - 3 chunks of flesh (gained 2)
You see here a bullfrog skeleton. x2
You open the door.
A white very ugly thing comes into view.
Found a fuming green potion and a hand crossbow.
A white very ugly thing is nearby!
A white very ugly thing is nearby!
Aim: a white very ugly thing (asleep)
The magic dart hits the white very ugly thing but does no damage.
You can't see any susceptible monsters within range! (Use Z to cast anyway.) No target in view!
You can't see any susceptible monsters within range! (Use Z to cast anyway.)
The white very ugly thing is too close now for your liking.
Aim: a white very ugly thing The magic dart hits the white very ugly thing.
Aim: a white very ugly thing (lightly wounded)
The magic dart hits the white very ugly thing.
The white very ugly thing bites you.
The white very ugly thing freezes you!!!
You feel yourself slow down.
Ouch! That really hurt!
* * * LOW HITPOINT WARNING * * *
The white very ugly thing bites you.
* * * LOW HITPOINT WARNING * * *
The white very ugly thing freezes you!!
You feel as though you will be slow longer.
You die...

# #######.....# #.# #.#
#...... # #.....# #.# #.#
#...... # #.....# #.# #.#
#...... ##### #.....# #.#
#.# #...... ....# #.....#
#.# #.# ......
....######.....####.###.#
....)).(.......'^.......#
....##...#######รท....##
....##...# #@....#
....##...# #u....#
....##...#!....'..8(.+
.....#####)....#.....#
.....# ##...##.....#
.....# #### ###+#####
.....# #.+ .....# #.#
.....# #.#


You could see a white very ugly thing.

Vanquished Creatures
  A two-headed ogre (D:8)
  Sigmund (D:3)
  An orc warrior (D:6)
  A black bear (D:6)
  2 sky beasts
  A necrophage (D:6)
  A centaur (D:8)
  A big kobold (D:8)
  A bullfrog (D:8)
  Dowan (D:6)
  A scorpion (D:5)
  2 killer bees (D:7)
  7 wights
  A howler monkey (D:4)
  2 jellies
  2 orc priests (D:6)
  3 hounds
  2 orc wizards (D:7)
  9 worker ants
  5 gnolls
  9 adders
  An adder zombie (D:5)
  2 oozes (D:1)
  An adder skeleton (D:7)
  3 worms
  2 dart slugs
  8 leopard geckos
  10 orcs
  6 giant cockroaches
  14 goblins
  15 hobgoblins
  6 jackals
  4 quokkas
  4 bats
  4 frilled lizards
  A giant cockroach zombie (D:5)
  A jackal zombie (D:3)
  9 kobolds
  12 rats
157 creatures vanquished.

Vanquished Creatures (collateral kills)
  Maggie (D:6)
  Duvessa (D:6)
  2 ogres
  A crocodile (D:7)
  A gnoll sergeant (D:8)
  A killer bee (D:7)
  An orc priest (D:4)
  Crazy Yiuf (D:6)
  An orc wizard (D:5)
  2 gnolls
  2 orcs
14 creatures vanquished.

Vanquished Creatures (others)
  A bush (D:6)
  4 fungi (D:6)
5 creatures vanquished.

Grand Total: 176 creatures vanquished

Notes
Turn   | Place    | Note
-------+----------+-------------------------------------------
     0 | D:1      | vurker the Draconian Wizard began the quest for the Orb.
     0 | D:1      | Reached XP level 1. HP: 14/14 MP: 4/4
   196 | D:1      | Reached XP level 2. HP: 22/22 MP: 0/6
   709 | D:1      | Reached skill level 1 in Fighting
   884 | D:1      | Reached XP level 3. HP: 28/28 MP: 3/7
  1584 | D:2      | Learned a level 2 spell: Call Imp
  1587 | D:2      | Learned a level 2 spell: Blink
  2038 | D:2      | Reached XP level 4. HP: 23/35 MP: 0/9
  3212 | D:3      | Noticed Sigmund
  3236 | D:3      | Reached XP level 5. HP: 21/41 MP: 4/11
  3404 | D:3      | Killed Sigmund
  3404 | D:3      | Reached XP level 6. HP: 9/50 MP: 0/12
  4981 | D:4      | Found a staircase to the Ecumenical Temple.
  5085 | Temple   | Entered the Ecumenical Temple
  5123 | Temple   | Became a worshipper of Vehumet
  5186 | D:4      | Reached skill level 5 in Spellcasting
  6189 | D:4      | Your scales start taking on a glossy black colour.
  6189 | D:4      | Reached XP level 7. HP: 55/57 MP: 6/14
  6189 | D:4      | Gained mutation: You are resistant to electric shocks.
                  | (rElec) [Black Draconian growth]
  6253 | D:5      | Entered Level 5 of the Dungeon
  6419 | D:5      | Found a runed translucent door.
  6419 | D:5      | Noticed vurker's ghost (amateur TeAE)
  6631 | D:5      | Reached skill level 5 in Conjurations
  7028 | D:5      | Found Yloluite's Jewellery Shop.
  7467 | D:6      | Noticed Maggie
  7496 | D:6      | Killed Maggie
  7642 | D:6      | Noticed Duvessa
  7642 | D:6      | Noticed Dowan
  7691 | D:6      | Killed Duvessa
  7716 | D:6      | Killed Dowan
  7716 | D:6      | Reached XP level 8. HP: 10/66 MP: 0/17
  9372 | D:6      | Reached * piety under Vehumet
  9372 | D:6      | Offered knowledge of Sandblast by Vehumet.
  9379 | D:6      | Reached skill level 5 in Fighting
  9562 | D:6      | Found a runed translucent door.
  9563 | D:6      | Noticed Crazy Yiuf
  9679 | D:6      | Killed Crazy Yiuf
  9857 | D:7      | Found Siumor's Weapon Boutique.
  9981 | D:7      | Found a transporter.
  9986 | D:7      | Found a transporter.
  9991 | D:7      | Found a bloodstained altar of Trog.
 10003 | D:7      | Noticed Qupu's ghost (novice SpEn)
 10014 | D:7      | Noticed a moth of wrath
 10084 | D:7      | Found an iron altar of Okawaru.
 10125 | D:7      | Reached XP level 9. HP: 52/74 MP: 12/20
 11057 | D:8      | Offered knowledge of Foxfire by Vehumet.
 11101 | D:8      | Noticed a two-headed ogre
 11135 | D:8      | Killed a two-headed ogre
 11446 | D:8      | Reached ** piety under Vehumet
 11593 | D:8      | Noticed a white very ugly thing
 11598 | D:8      | Slain by a white very ugly thing

Illustrated notes

Levels and vault maps discovered:
D:1:      minmay_arrival_semitransparent, layout_basic, minmay_tromino_v4_b
D:2:      layout_basic, minmay_statues_item, wad_woods_river_04
D:3:      layout_basic, uniq_sigmund
D:4:      layout_basic, minmay_temple_entry_wispy, serial_bayou_pond_d
D:5:      layout_loops_ring, serial_shops, nicolae_shop_stone,
          ebering_ghost_sewer_d, first_ration
D:6:      layout_basic, portal_sewer_entry_b, uniq_crazy_yiuf_cottage,
          uniq_maggie, uniq_duvessa
D:7:      layout_cave_pools, okawaru_ov_weapons_minmay,
          gammafunk_ghost_wrathful_warriors, serial_shops, shop
D:8:      layout_basic, the_bakery, minmay_three_doors
Temple:   nicolae_temple_the_god_donut

Skill      XL: |  1  2  3  4  5  6  7  8  9 |
---------------+----------------------------+-----
Fighting       | 1 2 3 4 5 6 |  6.3
Conjurations   | 2 3 4 5 7 8 |  8.5
Spellcasting   | 4 5 6 7 8 |  8.3
Dodging        | |  1.7
Stealth        | |  1.7
Summonings     | |  1.0
Translocations | |  1.0

Action                   |  1- 3 |  4- 6 |  7- 9 || total
-------------------------+-------+-------+-------++-------
Melee: Spear             |    22 |       |       ||    22
       Tailslap          |     1 |       |     2 ||     3
       Dagger            |       |     3 |    47 ||    50
 Cast: Magic Dart        |   111 |   169 |   340 ||   620
       Call Imp          |       |    17 |    69 ||    86
  Use: Scroll            |     3 |     3 |     2 ||     8
 Stab: Distracted        |       |       |     1 ||     1
  Eat: Chunk             |     3 |    13 |    13 ||    29
       Ration            |       |       |     1 ||     1
Armor: Skin              |     7 |    24 |   110 ||   141
Dodge: Dodged            |    27 |    60 |   156 ||   243

Table legend:
 A = Non-vault XP
 B = Vault XP
 C = Vault XP percentage of total XP
 D = Non-vault monster count
 E = Vault monster count
 F = Vault count percentage of total count
                 A         B        C        D         E       F
            +---------+---------+-------+---------+---------+-------
      Total |    3697 |     619 |  14.3 |     160 |      11 |   6.4
            +---------+---------+-------+---------+---------+-------
        D:1 |      63 |       3 |   4.5 |      30 |       2 |   6.2
        D:2 |     108 |       0 |   0.0 |      21 |       0 |   0.0
        D:3 |     156 |     190 |  54.9 |      30 |       1 |   3.2
        D:4 |     224 |       0 |   0.0 |       9 |       0 |   0.0
        D:5 |     364 |       0 |   0.0 |      19 |       0 |   0.0
        D:6 |     746 |     426 |  36.3 |      15 |       8 |  34.8
        D:7 |     728 |       0 |   0.0 |      20 |       0 |   0.0
        D:8 |    1308 |       0 |   0.0 |      16 |       0 |   0.0
            +---------+---------+-------+---------+---------+-------
